 Dungeon Crawl Stone Soup version 0.24-a0-291-g79c1ce7 (webtiles) character file.

Game seed: 13767399486448449050

140 galech the Chopper (level 5, -5/41 HPs)
             Began as a Demonspawn Fighter on May 9, 2019.
             Killed by nerve-wracking pain
             ... invoked by an orc priest
              (11 damage)
             ... on level 3 of the Dungeon.
             The game lasted 00:01:43 (1821 turns).

galech the Chopper (Demonspawn Fighter)             Turns: 1821, Time: 00:01:44

Health: -5/41      AC: 11    Str: 16    XL:     5   Next: 2%
Magic:  5/5        EV:  7    Int:  9    God:
Gold:   118        SH:  9    Dex: 14    Spells: 4/4 levels left

rFire    + . .     SeeInvis .   a - +0 war axe
rCold    . . .     Gourm    .   c - +0 shield
rNeg     . . .     Faith    .   b - +0 scale mail
rPois    .         Spirit   .   (no helmet)
rElec    .         Reflect  .   v - +0 cloak
rCorr    .         Harm     .   m - +2 pair of gloves
MR       .....                  (no boots)
Stlth    ..........             (no amulet)
HPRegen  0.13/turn              e - +4 ring of slaying
MPRegen  0.09/turn              h - ring of protection from fire

@: no status effects
A: sturdy frame 1
a: no special abilities


You were on level 3 of the Dungeon.
You were not hungry.

You visited 1 branch of the dungeon, and saw 3 of its levels.

You collected 118 gold pieces.

Inventory:

Hand Weapons
 a - a +0 war axe (weapon)
Armour
 b - a +0 scale mail (worn)
 c - a +0 shield (worn)
 m - a +2 pair of gloves (worn)
 v - a +0 cloak (worn)
Jewellery
 e - a +4 ring of slaying (left hand)
 h - a ring of protection from fire (right hand)
Wands
 q - a wand of polymorph (10)
Scrolls
 i - 4 scrolls of remove curse {unknown}
 j - 3 scrolls of identify {unknown}
 k - 3 scrolls of teleportation {unknown}
 n - a scroll of amnesia {unknown}
 p - a scroll of enchant armour {unknown}
 r - a scroll of noise {unknown}
 t - a scroll of magic mapping {unknown}
Potions
 d - a potion of might
 g - 3 potions of heal wounds {unknown}
 l - 2 potions of magic {unknown}
 o - a potion of haste {unknown}
 s - 3 potions of resistance {unknown}
Comestibles
 f - 7 rations


   Skills:
 + Level 3.6 Fighting
 + Level 3.7 Axes
 + Level 3.1 Armour
 + Level 0.2 Dodging
 + Level 3.0 Shields


You had 4 spell levels left.
You didn't know any spells.
Your spell library was empty.

Dungeon Overview and Level Annotations

Branches:
Dungeon (3/15)

Altars:
Sif Muna
Wu Jian


Innate Abilities, Weirdness & Mutations

Your movements are slightly less encumbered by armour. (ER -2)


Message History

You are too injured to fight recklessly!
You closely miss the orc. You block the orc's attack.
The orc hits you but does no damage.
Your shield and scale mail prevent you from hitting the orc.
The orc barely misses you.
You closely miss the orc. You block the orc's attack. The orc hits you.
The orc priest miscasts a cantrip.
You slash the orc!
You kill the orc!
You have reached level 5!
You hit the orc but do no damage. The orc barely misses you. The orc hits you.
You slash the orc!
You kill the orc!
The orc priest calls down the wrath of Beogh upon you.
Pain shoots through your body!
* * * LOW HITPOINT WARNING * * *
Your shield and scale mail prevent you from hitting the orc priest.
The orc priest calls down the wrath of Beogh upon you.
Pain shoots through your body!
You die...

#........#
#.#.##
###.###...
...... #.#
########.###
#<# +# #.# ...
#.## .... #..##
.....
##..†####.....?
#......@o......
##...####......
#..## ..<..
#.## .... #.#
... #. ## #.


You could see an orc priest.

Vanquished Creatures
  Crazy Yiuf (D:2)
  A worker ant (D:2)
  3 adders
  2 oozes
  3 worms (D:2)
  A dart slug (D:1)
  2 leopard geckos (D:1)
  4 orcs (D:3)
  2 goblins (D:1)
  6 hobgoblins
  5 kobolds
  A quokka (D:2)
  3 bats (D:2)
  4 frilled lizards
  4 rats
42 creatures vanquished.

Notes
Turn   | Place    | Note
-------+----------+-------------------------------------------
     0 | D:1      | galech the Demonspawn Fighter began the quest for the Orb.
     0 | D:1      | Reached XP level 1. HP: 18/18 MP: 1/1
   129 | D:1      | Gained mutation: Your movements are slightly less
                  | encumbered by armour. (ER -2) [demonic ancestry]
   129 | D:1      | Reached XP level 2. HP: 24/24 MP: 2/2
   758 | D:2      | Reached XP level 3. HP: 29/29 MP: 3/3
   809 | D:2      | Found a deep blue altar of Sif Muna.
   949 | D:2      | Found an ornate altar of the Wu Jian Council.
  1338 | D:2      | Reached XP level 4. HP: 35/35 MP: 4/4
  1514 | D:2      | Found a runed translucent door.
  1515 | D:2      | Noticed Crazy Yiuf
  1689 | D:2      | Killed Crazy Yiuf
  1818 | D:3      | Reached XP level 5. HP: 19/41 MP: 5/5
  1821 | D:3      | Killed from afar by an orc priest

Levels and vault maps discovered:
D:1:      minmay_arrival_cross, layout_basic
D:2:      layout_basic, led_sif_pool, overflow_temple_1_default,
          uniq_crazy_yiuf_cottage
D:3:      minmay_razor_zed, layout_loops_corners,
          gammafunk_temple_overflow_arena, first_ration

Skill      XL: |  1  2  3  4 |
---------------+-------------+-----
Axes           | 2 3 |  3.7
Armour         | 3 |  3.1
Shields        | 3 |  3.0
Fighting       | |  3.6
Dodging        | |  0.2

Action                   |  1- 3 |  4- 6 || total
-------------------------+-------+-------++-------
Melee: War axe           |    70 |    30 ||   100
  Eat: Chunk             |     1 |     2 ||     3
Armor: Scale mail        |    26 |     7 ||    33
Dodge: Dodged            |    15 |     8 ||    23
Block: Shield            |    33 |    12 ||    45

Table legend:
 A = Non-vault XP
 B = Vault XP
 C = Vault XP percentage of total XP
 D = Non-vault monster count
 E = Vault monster count
 F = Vault count percentage of total count
                 A         B        C        D         E       F
            +---------+---------+-------+---------+---------+-------
      Total |     159 |      41 |  20.5 |      41 |       1 |   2.4
            +---------+---------+-------+---------+---------+-------
        D:1 |      24 |       0 |   0.0 |      12 |       0 |   0.0
        D:2 |     101 |      41 |  28.9 |      22 |       1 |   4.3
        D:3 |      34 |       0 |   0.0 |       7 |       0 |   0.0
            +---------+---------+-------+---------+---------+-------
